 Dungeon Crawl Stone Soup version 0.28-a0-1395-g4f6bc678fa (webtiles) character file.

Game seed: 13982705576150262683

99755 porpoise the Cardsharp (level 15, -10/124 HPs)
             Began as a Demonspawn Artificer on Jan 4, 2022.
             Was a High Priest of Nemelex Xobeh.
             Mangled by Snorg (13 damage)
             ... on level 2 of the Orcish Mines on Jan 5, 2022.
             The game lasted 03:13:58 (38577 turns).

porpoise the Cardsharp (Demonspawn Artificer)      Turns: 38577, Time: 03:13:59

Health: -10/124    AC: 14    Str: 19    XL:     15   Next: 78%
Magic:  0/25       EV: 15    Int: 19    God:    Nemelex Xobeh [*****.]
Gold:   2589       SH:  6    Dex: 14    Spells: 26/28 levels left

rFire   + . .      SeeInvis .   a - +2 broad axe (flame)
rCold   + . .      Faith    .   t - +1 buckler {rC+ rF+}
rNeg    + . .      Spirit   +   w - +2 ring mail of Yhiming {rElec rCorr Str+4}
rPois   +          Reflect  .   (helmet unavailable)
rElec   +          Harm     .   A - scarf {repulsion}
rCorr   +          Rampage  .   i - +1 pair of gloves
Will    ++...                   (no boots)
Stlth   +++.......              j - amulet of regeneration
HPRegen 1.10/turn               k - ring of poison resistance
MPRegen 0.38/turn               T - ring "Resta" {rElec rN+ Will+ Str-4 Int+6}

@: repel missiles
A: horns 3, icy blue scales 2, ignite blood 1, robust 1, magic shield, magic
regeneration, magic link
a: Renounce Religion, Draw Escape, Draw Destruction, Draw Summoning, Triple
Draw, Deal Four, Stack Five


You were on level 2 of the Orcish Mines.
You worshipped Nemelex Xobeh.
Nemelex Xobeh was extremely pleased with you.
You visited 4 branches of the dungeon, and saw 24 of its levels.
You also visited: Sewer, Ossuary, Bailey and Ice Cave.

You collected 3027 gold pieces.
You spent 438 gold pieces at shops.

Inventory:

Hand Weapons
 a - a +2 broad axe of flaming (weapon)
 b - a +0 hand crossbow
 L - a +2 broad axe of freezing
Missiles
 o - 3 curare-tipped darts (quivered)
 v - 17 throwing nets
 D - 101 bolts
Armour
 i - a +1 pair of gloves (worn)
 t - a +1 buckler of resistance (worn)
 w - the +2 ring mail of Yhiming (worn) {rElec rCorr Str+4}
   (You bought it in a shop on level 1 of the Dungeon)

   Str:       It affects your strength (+4).
   rElec:     It insulates you from electricity.
   rCorr:     It protects you from acid and corrosion.
 A - a scarf of repulsion (worn)
Jewellery
 j - an amulet of regeneration (around neck)
 k - a ring of poison resistance (left hand)
 T - the ring "Resta" (right hand) {rElec rN+ Will+ Str-4 Int+6}
   (You found it on level 14 of the Dungeon)

   [ring of willpower]

   Str:       It affects your strength (-4).
   Int:       It affects your intelligence (+6).
   rElec:     It insulates you from electricity.
   rN:        It protects you from negative energy.
   Will:      It increases your willpower.
Wands
 c - a wand of flame (44)
 d - a wand of charming (10)
 F - a wand of polymorph (11)
 K - a wand of digging (9)
 M - a wand of iceblast (13)
 S - a wand of mindburst (6)
 X - a wand of acid (16)
Scrolls
 l - 6 scrolls of identify
 m - 4 scrolls of fog
 p - 4 scrolls of fear
 r - 3 scrolls of blinking
 u - 8 scrolls of teleportation
 y - 3 scrolls of summoning
 P - a scroll of holy word
 R - 5 scrolls of vulnerability
Potions
 g - a potion of cancellation
 x - 2 potions of ambrosia
 z - 9 potions of lignification
 B - 5 potions of attraction
 C - 4 potions of curing
 E - 8 potions of haste
 H - a potion of resistance
 J - a potion of invisibility
 O - 2 potions of might
 V - a potion of heal wounds
Miscellaneous
 h - a phial of floods
 Z - a lightning rod (4/4)


   Skills:
 + Level 9.1 Fighting
 - Level 8.0(8.4) Short Blades
 - Level 4.1(6.6) Long Blades
 - Level 12.0 Axes
 + Level 9.0 Armour
 - Level 9.0 Dodging
 - Level 7.0 Stealth
 - Level 4.0 Shields
 - Level 7.0 Spellcasting
 - Level 7.1 Transmutations
 + Level 13.0 Invocations
 - Level 7.0 Evocations


You had 26 spell levels left.
You knew the following spells:

 Your Spells              Type           Power      Damage    Failure   Level
w - Wereblood             Tmut           33%        N/A       1%          2

Your spell library contained the following spells:

 Spells                   Type           Power      Damage    Failure   Level
 Foxfire                  Conj/Fire      24%        2x1d5     16%         1
 Magic Dart               Conj           24%        1d4       16%         1
 Blink                    Tloc           12%        N/A       24%         2
 Call Imp                 Summ           6%         N/A       24%         2
 Static Discharge         Conj/Air       6%         N/A       24%         2
 Sublimation of Blood     Necr           6%         N/A       24%         2
 Ice Form                 Ice/Tmut       20%        N/A       36%         4
 Conjure Flame            Conj/Fire      6%         6-21      43%         3
 Inner Flame              Hex/Fire       6%         N/A       43%         3
 Lesser Beckoning         Tloc           6%         N/A       43%         3
 Mephitic Cloud           Conj/Pois/Air  6%         N/A       43%         3
 Tukima's Dance           Hex            6%         N/A       43%         3
 Yara's Violent Unravell  Hex/Tmut       10%        3d6       71%         5
 Cause Fear               Hex            3%         N/A       83%         4
 Flame Wave               Conj/Fire      6%         2d4       83%         4
 Fulminant Prism          Conj/Hex       3%         3d6       83%         4
 Hailstorm                Conj/Ice       6%         3d4       83%         4
 Iskenderun's Mystic Bla  Conj/Tloc      6%         2d4       83%         4
 Passage of Golubria      Tloc           6%         N/A       83%         4
 Summon Ice Beast         Ice/Summ       6%         N/A       83%         4
 Lee's Rapid Deconstruct  Erth           3%         3d6*      99%         5
 Lightning Bolt           Conj/Air       3%         1d14      99%         5
 Manifold Assault         Tloc           6%         N/A       99%         5
 Summon Forest            Summ/Tloc      3%         N/A       99%         5
 Summon Mana Viper        Hex/Summ       6%         N/A       99%         5
 Eringya's Noxious Bog    Tmut/Pois      10%        N/A       99%         6
 Simulacrum               Ice/Necr       3%         N/A       100%        6
 Monstrous Menagerie      Summ           3%         N/A       100%        7
 Summon Hydra             Summ           3%         N/A       100%        7
 Discord                  Hex            3%         N/A       100%        8
 Maxwell's Capacitive Co  Air            3%         ∞         100%        8
 Chain Lightning          Conj/Air       3%         3d4       100%        9
 Fire Storm               Conj/Fire      3%         8d1       100%        9
 Shatter                  Erth           3%         3d7*      100%        9


Dungeon Overview and Level Annotations

Branches:
Dungeon (15/15)            Temple (1/1) D:7            Lair (6/6) D:9
  Snake (0/4) Lair:2       Spider (0/4) Lair:4        Slime (0/5) Lair:5
    Orc (2/2) D:10         Vaults (0/5) D:14         Depths (0/4) D:15
  Sewer (visited)         Ossuary (visited)          Bailey (visited)
  IceCv (visited)
    Elf: Orc:2

Altars:
Ashenzari
Cheibriados
Dithmenos
Elyvilon
Fedhas
Gozag
Hepliaklqana
Kikubaaqudgha
Makhleb
Nemelex Xobeh
Okawaru
Qazlal
Ru
Sif Muna
Trog
Uskayaw
Vehumet
Wu Jian
Xom
Yredelemnul
Zin
The Shining One
Beogh
Jiyva

Shops:
D:1 =[   D:12 =

Annotations:
D:12 exclusion: orange crystal statue
Orc:2 Snorg


Innate Abilities, Weirdness & Mutations

You have a pair of large horns on your head.
You are mostly covered in icy blue scales. (AC +3)
Your demonic aura sometimes causes spilled blood to erupt in flames.
You are robust. (+10% HP)
When hurt, damage is shared between your health and your magic reserves.
You regenerate magic rapidly.
When low on magic, you restore magic in place of health.


Message History

An orc wizard comes into view. It is wielding a +0 dagger.
You are too injured to fight recklessly!
Unknown command.
Okay, then.
You deal a card...
You have dealt the Cloud.
Clouds appear around you!
You deal a card...
You have dealt the Tomb.
Walls emerge from the floor!
You deal a card...
You have dealt Velocity.
Snorg seems to slow down.
You deal a card...
You have dealt Exile.
Snorg bites you!! Snorg claws you but does no damage. You block Snorg's attack.
You are too injured to fight recklessly!
Aiming: Dig
Press: ? - help, Shift-Dir - straight line, p - Snorg A rock wall, summoned.
The rock shatters into small pieces.
You block Snorg's attack. Snorg claws you!
* * * LOW HITPOINT WARNING * * *
Snorg claws you!
* * * LOW HITPOINT WARNING * * *
The walls disappear prematurely!
Snorg looks more healthy.
You hear a shout!
Aiming: Corrosive Bolt
Press: ? - help, Shift-Dir - straight line, f - Snorg
Aim: Snorg (flame, moderately wounded, berserk, slow, 74% to hit)
The bolt of acid hits Snorg!
Snorg is moderately wounded.
The bolt of acid hits the orc!!
The acid corrodes the orc!
You kill the orc!
Snorg is engulfed in blazing flames.
Snorg bites you but does no damage. Snorg closely misses you.
You block Snorg's attack.
Aiming: Corrosive Bolt
Press: ? - help, Shift-Dir - straight line, f/p - Snorg
Aim: Snorg (flame, heavily wounded, berserk, slow, 74% to hit)
The bolt of acid hits Snorg!!
The acid corrodes Snorg!
Snorg is severely wounded.
The bolt of acid hits the orc warrior!
The orc warrior is moderately wounded.
Snorg is engulfed in blazing flames.
Snorg bites you!!
* * * LOW HITPOINT WARNING * * *
Snorg barely misses you. Snorg claws you!
You die...
Your body disappears without a glow.

##...§§§..(
.....§§§o.
..........
......o..
..§o.....
#####§§o.....
##.#.#.§o§#...
#.....T§§§....
##...@.o§§....
#...#.§§§.#..
##.#...#.....
#.##...#.....
#.# #...# .#..
#.# ##..#...#
. #.#
#...##.## ##
##..####
###...# #


You could see Snorg (berserk, slow, corroded), an orc warrior, 2 orc wizards and
an orc.

Vanquished Creatures
  An iron giant (D:12)
  A frost giant (IceCv)
  The ghost of awesomeguy42 the Reanimator, a journeyman HuNe of Vehumet (D:11)
  An ice dragon (Lair:6)
  Harold (D:11)
  2 boulder beetles
  11 hydras
  A catoblepas (D:13)
  5 two-headed ogres
  5 centaur warriors
  9 death yaks
  A goliath frog (Lair:5)
  A flayed ghost (D:9)
  A phantasmal warrior (D:12)
  2 lindwurms
  Pikel (D:6)
  2 wizards (D:15)
  A necromancer (D:15)
  2 wolf spiders (D:12)
  5 ugly things
  3 orc sorcerers (D:15)
  A wolf spider zombie (D:15)
  3 cyclopes
  9 manticores
  4 elephants (Lair:4)
  6 black mambas
  An eye of devastation (Lair:4)
  An ice statue (IceCv)
  6 torpor snails
  3 gargoyles
  Maggie (Lair:2)
  A freezing wraith (D:15)
  18 cane toads
  An unseen horror (D:13)
  A kobold demonologist (D:12)
  6 komodo dragons
  A demonic crawler (Lair:4)
  4 rime drakes
  An efreet (D:14)
  6 trolls
  15 polar bears
  7 hornets (Lair:6)
  A tyrant leech (Lair:6)
  4 slime creatures
  5 dream sheep (Lair:4)
  19 blink frogs
  3 centaur simulacra
  A meliai zombie (D:15)
  Sigmund (D:6)
  2 culicivoras (shapeshifter)
  A vampire (D:12)
  39 yaks
  2 shadows (D:9)
  6 wraiths
  A water elemental (D:13)
  4 wyverns
  6 fire bats (D:9)
  A death yak simulacrum (Lair:6)
  4 basilisks
  4 wandering mushrooms (Lair:5)
  A steam dragon (Lair:4)
  5 vampire mosquitoes
  A naga (Lair:2)
  A warg (Orc:2)
  4 acid dragons
  10 water moccasins
  10 orc warriors
  5 ogres
  5 black bears
  11 centaurs
  2 phantoms
  44 wolves
  4 kobold brigands
  2 lemures (D:5)
  Blork the orc (D:6)
  2 elf zombies (Ossuary)
  14 bullfrogs
  9 gnoll sergeants
  4 scorpions
  An elephant simulacrum (Lair:6)
  18 killer bees
  5 wights (D:6)
  4 electric eels
  A howler monkey (shapeshifter) (D:14)
  6 howler monkeys
  A crimson imp (D:6)
  7 centaur zombies
  2 bullfrog zombies
  A human zombie (Ossuary)
  A bullfrog skeleton (D:5)
  8 orc priests
  8 hounds
  4 jellies
  A centaur skeleton (D:7)
  4 gnoll shamans (Bailey)
  5 iguanas
  7 orc wizards
  11 hell rats
  3 scorpion zombies (D:4)
  A wolf simulacrum (Lair:6)
  6 hound zombies
  4 mummies
  A howler monkey zombie (D:9)
  27 gnolls
  A howler monkey skeleton (D:6)
  4 adders
  A white imp (D:6)
  4 adder zombies
  5 worms
  45 orcs
  11 endoplasms
  14 giant cockroaches
  4 hobgoblins
  11 quokkas
  19 ball pythons
  51 bats
  18 frilled lizards
  8 goblins
  4 goblin zombies (Ossuary)
  5 hobgoblin zombies (Ossuary)
  5 jackal zombies
  25 kobolds
  3 kobold zombies
  2 orc zombies
  5 quokka zombies (Ossuary)
  5 rats
  3 rat zombies (Ossuary)
782 creatures vanquished.

Vanquished Creatures (collateral kills)
  A storm dragon (D:12)
  2 hydras
  2 boulder beetles
  A centaur warrior (D:14)
  2 tengu warriors (D:14)
  Sonja (D:11)
  A lindwurm (Lair:6)
  A manticore (D:14)
  A molten gargoyle (D:11)
  2 elephants (Lair:4)
  A komodo dragon (Lair:6)
  2 trolls
  2 tyrant leeches (Lair:6)
  A blink frog (Lair:1)
  A wyvern (Lair:6)
  A wraith (D:12)
  A basilisk (D:12)
  2 water moccasins
  A wolf (Bailey)
  A centaur (D:9)
  4 bullfrogs (Lair:1)
  A gnoll sergeant (Bailey)
  3 killer bees (D:9)
  A gnoll shaman (Bailey)
  An orc (D:5)
  2 ball pythons (Sewer)
39 creatures vanquished.

Vanquished Creatures (others)
  A manticore (D:15)
  An unseen horror (D:12)
  A bullfrog (Sewer)
  A howler monkey (D:8)
  An adder (Sewer)
  A bat (Lair:4)
  A ball python (D:1)
  44 fungi
  87 plants
  2 withered plants (D:11)
140 creatures vanquished.

Grand Total: 961 creatures vanquished

Notes
Turn   | Place    | Note
-------+----------+-------------------------------------------
     0 | D:1      | porpoise the Demonspawn Artificer began the quest for the
                  | Orb.
     0 | D:1      | Reached XP level 1. HP: 15/15 MP: 1/1
   232 | D:1      | Found a faded altar of an unknown god.
   362 | D:1      | Found Ixipaux's Antique Armour Shop.
   372 | D:1      | Reached skill level 1 in Dodging
   372 | D:1      | Reached skill level 1 in Stealth
   667 | D:1      | Gained mutation: You have a pair of small horns on your
                  | head. [demonic ancestry]
   667 | D:1      | Reached XP level 2. HP: 21/21 MP: 2/2
   867 | D:1      | Found Quttul's Jewellery Emporium.
  1634 | D:2      | Reached XP level 3. HP: 26/26 MP: 3/3
  2361 | D:3      | Found a glowing drain.
  2422 | Sewer    | Entered a sewer
  2549 | Sewer    | Reached skill level 1 in Short Blades
  2929 | Sewer    | Reached XP level 4. HP: 33/33 MP: 4/4
  3905 | Sewer    | Noticed a bullfrog
  3905 | Sewer    | Noticed a bullfrog
  3918 | Sewer    | Killed a bullfrog
  3919 | Sewer    | Gained mutation: You have a pair of horns on your head.
                  | [demonic ancestry]
  3919 | Sewer    | Reached XP level 5. HP: 35/41 MP: 5/5
  4892 | D:4      | Noticed an ogre
  4910 | D:4      | Killed an ogre
  4911 | D:4      | Gained mutation: You regenerate magic rapidly. [demonic
                  | ancestry]
  4911 | D:4      | Reached XP level 6. HP: 45/48 MP: 6/6
  5144 | D:4      | Found a shimmering altar of Xom.
  5481 | D:5      | Entered Level 5 of the Dungeon
  5564 | D:5      | Gained mutation: When hurt, damage is shared between your
                  | health and your magic reserves. [demonic ancestry]
  5564 | D:5      | Reached XP level 7. HP: 55/55 MP: 7/7
  5620 | D:5      | Reached skill level 5 in Fighting
  5866 | D:5      | Gained mutation: You are robust. (+10% HP) [demonic
                  | ancestry]
  5866 | D:5      | Reached XP level 8. HP: 57/70 MP: 8/8
  6790 | D:1      | Bought a distressingly furry ring mail for 198 gold pieces
  6790 | D:1      | Identified the +2 ring mail of Yhiming {rElec rCorr Str+4}
                  | (You bought it in a shop on level 1 of the Dungeon)
  7018 | D:6      | Noticed Pikel
  7098 | D:6      | Killed Pikel
  7099 | D:6      | Reached skill level 5 in Armour
  7099 | D:6      | Reached skill level 5 in Stealth
  7228 | D:6      | Noticed Blork the orc
  7354 | D:6      | Killed Blork the orc
  7507 | D:6      | Gained mutation: You are partially covered in icy blue
                  | scales. (AC +2) [demonic ancestry]
  7507 | D:6      | Reached XP level 9. HP: 79/79 MP: 7/9
  7815 | D:6      | Noticed Sigmund
  7906 | D:6      | Noticed Grinder
  7907 | D:6      | Noticed Grinder
  7907 | D:6      | Grinder changed into Grinder the crimson imp
  7912 | D:6      | Killed Grinder the crimson imp
  8060 | D:6      | Killed Sigmund
  8061 | D:6      | Reached skill level 5 in Evocations
  8300 | D:6      | Learned a level 2 spell: Wereblood
  8564 | D:7      | Found a sand-covered staircase.
  8628 | Ossuary  | Entered an ossuary
  8817 | Ossuary  | Reached skill level 1 in Spellcasting
 10417 | D:7      | Found a staircase to the Ecumenical Temple.
 10426 | Temple   | Entered the Ecumenical Temple
 10662 | Temple   | Became a worshipper of Nemelex Xobeh the Trickster
 10969 | D:8      | Reached skill level 1 in Invocations
 11027 | D:8      | Gained mutation: When low on magic, you restore magic in
                  | place of health. [demonic ancestry]
 11027 | D:8      | Reached XP level 10. HP: 85/88 MP: 11/13
 11126 | D:8      | Reached skill level 5 in Dodging
 11126 | D:8      | Reached skill level 2 in Invocations
 11160 | D:8      | Noticed a two-headed ogre
 11186 | D:8      | Killed a two-headed ogre
 11187 | D:8      | Reached skill level 3 in Invocations
 11363 | D:8      | Found a flagged portal.
 11376 | Bailey   | Entered a bailey
 11767 | Bailey   | Reached skill level 4 in Invocations
 13019 | Bailey   | Reached skill level 5 in Invocations
 13205 | Bailey   | Identified the ring "Midonemo" {*Corrode rElec Will+ EV+4
                  | Int+9}
 14171 | D:9      | Reached skill level 6 in Invocations
 14243 | D:9      | Found a staircase to the Lair.
 14281 | D:9      | Reached * piety under Nemelex Xobeh
 14286 | D:9      | Found a runed translucent door.
 14432 | D:9      | Found a blossoming altar of Fedhas.
 14737 | D:9      | Found an ancient bone altar of Kikubaaqudgha.
 14747 | D:9      | Gained mutation: Your demonic aura sometimes causes spilled
                  | blood to erupt in flames. [demonic ancestry]
 14747 | D:9      | Reached XP level 11. HP: 97/97 MP: 16/16
 14777 | D:9      | Found an opulent altar of Gozag.
 14794 | D:9      | Reached skill level 7 in Invocations
 14826 | D:9      | Found a broken altar of Ashenzari.
 14868 | D:9      | Found an ornate altar of the Wu Jian Council.
 14890 | D:9      | Noticed a flayed ghost
 14969 | D:9      | Killed a flayed ghost
 15288 | D:9      | Reached skill level 1 in Shields
 15392 | D:9      | Received a gift from Nemelex Xobeh
 15918 | Lair:1   | Entered Level 1 of the Lair of Beasts
 16058 | Lair:1   | Reached skill level 5 in Short Blades
 16426 | Lair:1   | Noticed a four-headed hydra
 16436 | Lair:1   | Killed a four-headed hydra
 16465 | Lair:1   | Noticed a five-headed hydra
 16468 | Lair:1   | Reached ** piety under Nemelex Xobeh
 16478 | Lair:1   | Killed a five-headed hydra
 16926 | D:10     | Entered Level 10 of the Dungeon
 17395 | D:10     | You fall into a shaft and drop 2 floors!
 17537 | D:12     | Received a gift from Nemelex Xobeh
 17547 | D:12     | Noticed a four-headed hydra
 17549 | D:12     | Killed a four-headed hydra
 17686 | D:12     | Reached skill level 5 in Spellcasting
 17923 | D:11     | Noticed awesomeguy42's ghost (journeyman HuNe)
 17923 | D:11     | Found a runed translucent door.
 17945 | D:11     | Found a hazy altar of Hepliaklqana.
 17993 | D:11     | Reached skill level 1 in Transmutations
 17993 | D:11     | Gained mutation: You are mostly covered in icy blue scales.
                  | (AC +3) [demonic ancestry]
 17993 | D:11     | Reached XP level 12. HP: 15/95 MP: 5/19
 18079 | D:11     | Found a faded altar of an unknown god.
 18083 | D:11     | Identified the +1 robe of Mirth {rN+ Dex+5}
 18612 | D:10     | Found a staircase to the Orcish Mines.
 18933 | D:10     | Noticed a two-headed ogre
 18949 | D:10     | Killed a two-headed ogre
 19203 | Lair:2   | Noticed a six-headed hydra
 19363 | Lair:1   | Killed a six-headed hydra
 19494 | Lair:2   | Reached *** piety under Nemelex Xobeh
 19772 | Lair:2   | Received a gift from Nemelex Xobeh
 19772 | Lair:2   | Noticed Maggie
 19780 | Lair:2   | Killed Maggie
 19781 | Lair:2   | Found a staircase to the Snake Pit.
 19874 | Lair:2   | Reached skill level 5 in Transmutations
 20597 | Lair:2   | Identified the +4 plate armour of Noon {rC+ Str+2}
 21343 | Lair:3   | Reached **** piety under Nemelex Xobeh
 21370 | Lair:3   | Reached skill level 8 in Invocations
 22049 | Lair:4   | Received a gift from Nemelex Xobeh
 22407 | Lair:4   | Reached skill level 9 in Invocations
 22407 | Lair:4   | Gained mutation: You have a pair of large horns on your
                  | head. [demonic ancestry]
 22407 | Lair:4   | Reached XP level 13. HP: 101/111 MP: 18/20
 22412 | Lair:4   | Reached skill level 1 in Axes
 22994 | Lair:4   | Found a hole to the Spider Nest.
 24106 | Lair:4   | Reached skill level 10 in Invocations
 24178 | Lair:4   | Reached skill level 5 in Axes
 24519 | Lair:5   | Received a gift from Nemelex Xobeh
 24770 | Lair:5   | Identified a scroll of acquirement
 24771 | Lair:5   | Acquired 482 gold pieces
 24896 | Lair:5   | Received a gift from Nemelex Xobeh
 25114 | Lair:5   | Found a viscous altar of Jiyva.
 25115 | Lair:5   | Found a staircase to the Slime Pits.
 25185 | Lair:5   | Reached ***** piety under Nemelex Xobeh
 25370 | Lair:5   | Found a runed translucent door.
 25571 | Lair:5   | Reached skill level 11 in Invocations
 25998 | D:11     | Reached XP level 14. HP: 69/118 MP: 20/22
 26099 | D:11     | Noticed Sonja
 26105 | D:11     | Killed Sonja
 26171 | D:11     | Received a gift from Nemelex Xobeh
 26189 | D:11     | Noticed Harold
 26207 | D:11     | Killed Harold
 27141 | D:11     | Killed awesomeguy42's ghost
 27290 | D:12     | Found Izuf's Jewellery Emporium.
 27886 | D:12     | Noticed a storm dragon
 27902 | D:12     | Killed a storm dragon
 27917 | D:12     | Reached skill level 12 in Invocations
 28575 | D:12     | Received a gift from Nemelex Xobeh
 28583 | D:12     | Noticed a tengu reaver
 28587 | D:12     | Noticed an iron giant
 28587 | D:12     | a tengu reaver changed into an iron giant
 28615 | D:12     | Killed an iron giant
 30753 | D:14     | Received a gift from Nemelex Xobeh
 31339 | D:14     | Identified the +4 long sword "Xutuoroc" {vorpal, rPois
                  | Will++ Int-3 Stlth-}
 31345 | D:14     | Reached skill level 13 in Invocations
 31458 | D:14     | Reached skill level 1 in Long Blades
 31973 | D:14     | Identified the ring "Resta" {rElec rN+ Will+ Str-4 Int+6}
 32219 | D:14     | Found a gate to the Vaults.
 32363 | D:14     | Received a gift from Nemelex Xobeh
 32621 | D:15     | Entered Level 15 of the Dungeon
 33015 | D:15     | Reached skill level 10 in Axes
 33276 | D:15     | Found a snail-covered altar of Cheibriados.
 33303 | D:15     | Reached XP level 15. HP: 98/124 MP: 20/24
 34342 | D:15     | Found a staircase to the Depths.
 34601 | Lair:6   | Entered Level 6 of the Lair of Beasts
 35153 | Lair:6   | Found a frozen archway.
 35169 | IceCv    | Entered an ice cave
 35206 | IceCv    | Upgraded the game from 0.28-a0-1389-gc726bef33b to
                  | 0.28-a0-1395-g4f6bc678fa
 35790 | IceCv    | Acquired a book of Spatial Translocations
 36300 | IceCv    | Received a gift from Nemelex Xobeh
 36301 | IceCv    | Noticed a frost giant
 36312 | IceCv    | Killed a frost giant
 36686 | Lair:6   | Found a runed translucent door.
 36712 | Lair:6   | Received a gift from Nemelex Xobeh
 36763 | Lair:6   | Paralysed by a hornet for 1 turns
 37991 | D:1      | Bought a ring of poison resistance for 240 gold pieces
 38271 | Orc:1    | Entered Level 1 of the Orcish Mines
 38446 | Orc:2    | Entered Level 2 of the Orcish Mines
 38561 | Orc:2    | Noticed Snorg
 38577 | Orc:2    | HP: 3/124 [Snorg (16)]
 38577 | Orc:2    | Mangled by Snorg

Illustrated notes

Levels and vault maps discovered:
D:1:      lightli_arrival_flooded_house, layout_loops_ring, serial_shops,
          nicolae_diamond_shop, nicolae_shop_hallway_plus,
          shapermc_ecumenical_altar_totnotflames
D:2:      layout_basic, minmay_misc_feat_roman
D:3:      layout_loops_ring, cheibrodos_sewer_entry_drain
D:4:      layout_cave_pools, mainiacjoe_overflow_tiny_flanked, serial_undead,
          serial_undead_f, serial_undead_b, serial_undead_a, serial_undead_c
D:5:      layout_basic, guppyfry_early_orc_mine
D:6:      layout_rooms, roderic_serpentine_path, grunt_decor_fettered,
          chequers_serial_rivers_large_b, uniq_sigmund, uniq_grinder,
          uniq_pikel, uniq_blork_the_orc
D:7:      layout_gridville, lemuel_temple_firewalk_b, nicolae_ossuary_entry_giza
D:8:      layout_rooms, enter_bailey_3
D:9:      due_megacathedral, layout_irregular_city, erik_lair_island
D:10:     layout_cave_pods, minmay_orc_entry_temple_small
D:11:     layout_basic, gammafunk_ghost_grave,
          beargit_hepliaklqana_dungeon_heroes, uniq_sonja, uniq_harold
D:12:     evilmike_diamond_1, layout_gridville, serial_shops, shop_fountains,
          minmay_statue_bubble
D:13:     layout_gridville, kennysheep_minor_cross
D:14:     layout_stronghold, david_vaults_4, nicolae_water_bricks
D:15:     grunt_enter_depths_magical_seal, layout_basic, cheibriados_altar_1
Temple:   mainiacjoe_temple_archimedes_tessellation
Lair:1:   layout_misc_corridors, beast_lair_carwin_1
Lair:2:   layout_loops_ring, guppyfry_snake_entry_island, beast_lair_carwin_11,
          uniq_maggie
Lair:3:   layout_cave_pods
Lair:4:   lemuel_slime, layout_loops_ring, nicolae_spider_entry_non_spiders,
          serial_bayou_pond_d, infiniplex_staircase_pool_2, grunt_megastairs_2,
          lemuel_fruit_tree, serial_bayou_shore_b, serial_bayou_shore_a
Lair:5:   minmay_lair_oklob_chamber, layout_regular_city, slime_altar_1,
          pf_torpor_hydra, lemuel_fruit_fields, grunt_megastairs_3
Lair:6:   wormcave, layout_long_grid, portal_ice_cave_entry_ice_simulacra,
          lemuel_fruit_fields, grunt_megastairs_1
Orc:1:    layout_caves, gammafunk_ghost_grave, serial_shops,
          nicolae_shop_crystal, mines1_david
Orc:2:    grunt_orc_tribal_feast, layout_diamond_mine, uniq_snorg

Skill      XL: |  1  2  3  4  5  6  7  8  9 10 11 12 13 14 15 |
---------------+----------------------------------------------+-----
Dodging        | 1 4 6 7 8 9 |  9.0
Stealth        | 1 2 3 4 5 6 7 |  7.0
Armour         | 2 3 4 6 7 8 9 |  9.0
Fighting       | 2 3 4 5 7 8 9 |  9.1
Short Blades   | 1 2 4 6 8 |  8.0
Evocations     | 5 6 7 |  7.0
Spellcasting   | 2 5 7 |  7.0
Invocations    | 1 6 7 9 11 13 | 13.0
Shields        | 4 |  4.0
Transmutations | 1 6 7 |  7.1
Axes           | 6 10 12 | 12.0
Long Blades    | 2 4 |  4.1

Action                   |  1- 3 |  4- 6 |  7- 9 | 10-12 | 13-15 || total
-------------------------+-------+-------+-------+-------+-------++-------
Melee: Short sword       |   144 |   206 |   503 |  1167 |   754 ||  2774
       Club              |     6 |       |       |       |       ||     6
       Headbutt          |    13 |    30 |   134 |   277 |   391 ||   845
       Broad axe         |       |       |       |    44 |   608 ||   652
       Long sword        |       |       |       |       |   203 ||   203
 Fire: Shortbow          |       |       |    17 |     8 |       ||    25
       Hand crossbow     |       |       |       |     2 |   146 ||   148
Throw: Dart              |       |       |    37 |    78 |     1 ||   116
       Stone             |       |       |    43 |     1 |     1 ||    45
       Javelin           |       |       |     3 |       |       ||     3
       Boomerang         |       |       |       |    11 |       ||    11
 Cast: Wereblood         |       |       |       |       |     1 ||     1
Invok: Draw Destruction  |       |       |       |    10 |    41 ||    51
       Draw Summoning    |       |       |       |     4 |    15 ||    19
       Draw Escape       |       |       |       |     3 |     7 ||    10
       Triple Draw       |       |       |       |       |     1 ||     1
       Deal Four         |       |       |       |       |     1 ||     1
Evoke: Wand              |     7 |     6 |     3 |     9 |    23 ||    48
       Piece from Xom's  |       |       |       |     2 |     5 ||     7
       Phial of floods   |       |       |       |     1 |       ||     1
       Lightning rod     |       |       |       |     3 |     4 ||     7
  Use: Scroll            |     1 |    10 |     6 |     6 |     9 ||    32
       Potion            |       |       |     1 |     7 |    10 ||    18
 Stab: Sleeping          |       |     1 |     5 |     1 |       ||     7
       Distracted        |       |       |       |     4 |     1 ||     5
Armor: Ring mail         |    45 |    80 |   144 |   328 |    11 ||   608
       Fire dragon scale |       |       |    21 |       |       ||    21
       Plate armour      |       |       |       |    74 |   265 ||   339
       Chain mail        |       |       |       |       |   537 ||   537
Dodge: Dodged            |    68 |    92 |   236 |  1036 |   813 ||  2245
       Repelled          |       |       |       |     2 |    11 ||    13
Block: Buckler           |       |       |       |   156 |   426 ||   582

Table legend: (Time is in decaauts)
 A = Elapsed time spent in this place.
 B = Non-inter-level travel time spent in this place.
 C = Inter-level travel time spent in this place.
 D = Time resting spent in this place.
 E = Time spent auto-exploring this place.
 F = Levels seen in this place.
 G = Mean time per level.
                   A        B        C        D        E       F      G
               +--------+--------+--------+--------+--------+-----+--------+
         Total |  38414 |  35729 |   2685 |  12027 |  13519 |  28 | 1371.9 |
       Dungeon |  22086 |  20272 |   1814 |   6447 |   9127 |  15 | 1472.4 |
        Temple |    264 |    236 |     28 |      0 |    208 |   1 |  264.0 |
          Lair |   9773 |   8932 |    841 |   2363 |   3763 |   6 | 1628.8 |
  Orcish Mines |    306 |    306 |      0 |      0 |    153 |   2 |  153.0 |
         Sewer |   1712 |   1712 |      0 |   1232 |     34 |   1 | 1712.0 |
       Ossuary |    736 |    736 |      0 |    204 |      0 |   1 |  736.0 |
        Bailey |   2260 |   2260 |      0 |   1275 |    233 |   1 | 2260.0 |
      Ice Cave |   1272 |   1272 |      0 |    505 |      0 |   1 | 1272.0 |
               +--------+--------+--------+--------+--------+-----+--------+

Top non-repeatable levels by time:
    D:12: 2390 daAuts
  Lair:4: 2267 daAuts
  Bailey: 2260 daAuts
  Lair:1: 2121 daAuts
     D:9: 2087 daAuts
    D:14: 2049 daAuts
  Lair:6: 1846 daAuts
    D:15: 1788 daAuts
    D:11: 1761 daAuts
   Sewer: 1712 daAuts
     D:1: 1654 daAuts
     D:6: 1588 daAuts
     D:7: 1436 daAuts
    D:10: 1301 daAuts
     D:5: 1281 daAuts
